 Dungeon Crawl Stone Soup version 0.19.0-9-gfd783f2 (webtiles) character file.

118 Jatzack the Ducker (level 4, 0/44 HPs)
             Began as a Troll Fighter on Nov 8, 2016.
             Killed from afar by an orc wizard (5 damage)
             ... with a puff of flame
             ... on level 3 of the Dungeon.
             The game lasted 00:08:42 (1633 turns).

Jatzack the Ducker (Troll Fighter)                  Turns: 1633, Time: 00:08:46

Health: 0/44       AC:  5    Str: 25    XL:     4   Next: 72%
Magic:  3/3        EV:  8    Int:  4    God:
Gold:   111        SH:  9    Dex:  9    Spells: 0 memorised, 3 levels left

rFire  . . .     SeeInvis .     a - +0 war axe
rCold  . . .     Gourm    +     b - +0 robe
rNeg   . . .     Faith    .     c - +0 shield
rPois  .         Spirit   .     (helmet restricted)
rElec  .         Reflect  .     (no cloak)
rCorr  .         Harm     .     (gloves unavailable)
MR     .....                    (boots unavailable)
Stlth  +.........               (no amulet)
                                (no ring)
                                (no ring)

@: no status effects
A: unfitting armour, claws 3, fast metabolism 3, gourmand, regeneration 1,
shaggy fur 1, tough skin 2
a: no special abilities


You were on level 3 of the Dungeon.
You were completely stuffed.

You visited 1 branch of the dungeon, and saw 3 of its levels.

You collected 111 gold pieces.

Inventory:

Hand Weapons
 a - a +0 war axe (weapon)
 t - a cursed +0 whip
Missiles
 i - 15 sling bullets
Armour
 b - a +0 robe (worn)
 c - a +0 shield (worn)
Jewellery
 j - an uncursed ring of ice {unknown}
 n - a +1 ring of evasion {unknown}
 r - a cursed ring of teleportation {unknown}
Scrolls
 e - 2 scrolls of identify {unknown}
 g - a scroll of teleportation {unknown}
 k - 2 scrolls of remove curse {unknown}
 m - a scroll of amnesia {unknown}
 o - a scroll of fog {unknown}
Potions
 d - a potion of might
 h - a potion of invisibility {unknown}
 l - a potion of magic {unknown}
 q - a potion of heal wounds {unknown}
Comestibles
 f - 3 bread rations
 p - a beef jerky
 s - 3 chunks of flesh


   Skills:
 + Level 2.7 Fighting
 + Level 2.8 Axes
 + Level 3.1 Dodging
 + Level 3.0 Shields


You had 3 spell levels left.
You didn't know any spells.

Dungeon Overview and Level Annotations

Branches:
Dungeon (3/15)

Altars:


Innate Abilities, Weirdness & Mutations

You are too large for most types of armour.
You have claws for hands.
Your metabolism is lightning-fast.
You like to eat raw meat.
Your natural rate of healing is unusually fast.
You are covered in fur. (AC +1)
You have very tough skin. (AC +2)


Message History

The orc wizard hits you with a dagger.
* * * LOW HITPOINT WARNING * * *
You barely miss the orc wizard.
The orc wizard points at you and mumbles some strange words.
The puff of frost hits you!
* * * LOW HITPOINT WARNING * * *
The orc wizard closely misses you.
Unknown command.
You hit the orc wizard.
The orc wizard is lightly wounded.
The orc wizard hits you but does no damage.
The orc wizard hits you with a dagger.
* * * LOW HITPOINT WARNING * * *
You barely miss the orc wizard.
The orc wizard is lightly wounded.
The orc wizard gestures at you while chanting.
The puff of frost misses you. The orc wizard casts a spell at you.
The puff of flame hits you!
You die...

# #( # #.###
..#
#...###{...#
#.@ogro..+
#.####...#
#.# # #<#
###


You could see an orc wizard, an orc, a hobgoblin and a rat.

Vanquished Creatures
  An orc priest (D:3)
  4 adders (D:2)
  An ooze (D:1)
  A worm (D:2)
  2 dart slugs (D:2)
  An orc (D:3)
  2 ball pythons (D:1)
  4 bats
  4 goblins
  2 hobgoblins
  7 jackals
  2 frilled lizards
  6 kobolds
  5 rats
42 creatures vanquished.

Notes
Turn   | Place    | Note
-------+----------+-------------------------------------------
     0 | D:1      | Jatzack the Troll Fighter began the quest for the Orb.
     0 | D:1      | Reached XP level 1. HP: 22/22 MP: 0/0
    88 | D:1      | Reached XP level 2. HP: 22/29 MP: 1/1
   992 | D:2      | Reached XP level 3. HP: 30/36 MP: 2/2
  1221 | D:2      | Reached XP level 4. HP: 28/44 MP: 3/3
  1633 | D:3      | Killed from afar by an orc wizard

Skill      XL: |  1  2  3  4 |
---------------+-------------+-----
Axes           | 2 |  2.8
Dodging        | 3 |  3.1
Shields        | 3 |  3.0
Fighting       | |  2.7

Action                   |  1- 3 |  4- 6 || total
-------------------------+-------+-------++-------
Melee: War axe           |   131 |    48 ||   179
  Eat: Chunk             |    17 |     4 ||    21
Armor: Robe              |    52 |    19 ||    71
Dodge: Dodged            |    65 |    12 ||    77
Block: Shield            |    64 |    17 ||    81
